AoeStats
← FlowCycling

MegaRandom

508022438Analyzed
4v4 RM · 12d ago on Sep 20, 2026· 46m 49s· 8 players
Game mode
Random Map
Map size
Large (8 player)
Population
200
Speed
Normal
Resources
Standard
Victory
Conquest
Starting age
Dark Age
Ending age
Imperial Age
RankedLock teamsTeams togetherTeam positionsShared explorationLock speedFull tech treeHidden civsTurbo modeCheats
Victory
Defeat
🇩🇪 Khitans · Germany
1152
+13
🇻🇳 Persians · Vietnam
1101
+15
🇻🇳 Bulgarians · Vietnam
1087
+16
🇳🇴 Armenians · Norway
1041
+17
🇨🇴 Ethiopians · Colombia
1132
-17
🇲🇽 Georgians · Mexico
1100
-16
🇧🇪 Maya · Belgium
1064
-15
🇪🇸 Berbers · Spain
1035
-13
DRAGONROJO500
0:36 Loom
11:15 Feudal Age
11:48 Double-Bit Axe
16:10 Bloodlines
19:03 Castle Age
16:59 Stone Mining
17:35 Gold Mining
21:11 Wheelbarrow
21:06 Husbandry
28:01 Scale Barding Armor
27:48 Horse Collar
28:20 Pikeman
29:46 Squires
31:53 Chain Barding Armor
32:38 Forging
33:16 Fletching
34:18 Bodkin Arrow
julianSD7
0:33 Loom
12:26 Feudal Age
13:30 Double-Bit Axe
16:28 Castle Age
14:33 Fishing Lines
14:41 Horse Collar
17:03 Gillnets
20:43 Fletching
20:54 Padded Archer Armor
22:01 Bodkin Arrow
22:22 Leather Archer Armor
21:35 Crossbowman
22:21 Thumb Ring
25:10 Ballistics
26:14 Wheelbarrow
25:25 Town Watch
29:05 Heavy Plow
29:22 Bow Saw
30:02 Hand Cart
35:24 Town Patrol
39:22 Imperial Age
37:08 Elite Skirmisher
39:00 Scale Barding Armor
38:55 Scale Mail Armor
39:05 Forging
39:35 Arbalester
39:36 Elite Genitour
40:21 Bracer
40:56 Ring Archer Armor
40:24 Gold Mining
40:24 Stone Mining
41:35 Two-Man Saw
40:37 Heavy Plow
43:16 Chemistry
42:27 Masonry
42:23 Siege Engineers
42:13 Murder Holes
42:19 Murder Holes
43:31 Chain Barding Armor
43:47 Iron Casting
43:27 Chain Mail Armor
44:14 Guilds
44:54 Halberdier
45:35 Squires
47:34 Plate Mail Armor
48:04 Blast Furnace
FlowCycling
0:26 Loom
11:11 Feudal Age
11:44 Double-Bit Axe
19:06 Castle Age
16:57 Horse Collar
17:26 Padded Archer Armor
18:33 Gold Mining
19:12 Crossbowman
20:23 Fletching
21:05 Forging
21:22 Thumb Ring
22:01 Thumb Ring
22:00 Pikeman
30:20 Bow Saw
38:15 Imperial Age
38:04 Heavy Plow
42:29 Imperial Age
42:32 Elite Plumed Archer
Ace
3:08 Loom
5:53 Loom
12:56 Feudal Age
17:38 Castle Age
15:29 Double-Bit Axe
15:26 Horse Collar
18:55 Fishing Lines
25:44 Bow Saw
27:20 Scale Barding Armor
27:25 Forging
28:40 Wheelbarrow
28:48 Husbandry
29:05 Heavy Plow
31:36 Bloodlines
32:03 Chain Barding Armor
31:53 Forging
34:47 Gillnets
38:45 Imperial Age
37:18 Hand Cart
37:47 Iron Casting
40:27 Plate Barding Armor
40:52 Blast Furnace
41:09 Pikeman
41:49 Squires
41:35 Arson
42:31 Cavalier
45:46 Heavy Camel Rider
[2ZKA] VonWegen
8:21 Loom
10:36 Feudal Age
12:18 Town Watch
15:46 Castle Age
14:22 Domestication
15:38 Man-at-Arms
16:04 Arson
18:07 Scale Mail Armor
17:28 Long Swordsman
18:40 Pastoralism
19:29 Gambesons
22:14 Squires
22:30 Squires
23:31 Wheelbarrow
23:43 Double-Bit Axe
25:04 Forging
25:39 Bow Saw
26:51 Chain Mail Armor
30:08 Iron Casting
32:15 Fletching
32:42 Hand Cart
33:56 Bodkin Arrow
38:11 Imperial Age
36:22 Gold Mining
36:24 Stone Mining
37:40 Lamellar Armor
38:17 Two-Handed Swordsman
39:45 Plate Mail Armor
39:34 Town Patrol
39:34 Champion
41:26 Conscription
42:05 Elite Fire Lancer
Sharion
0:34 Loom
12:52 Feudal Age
19:01 Castle Age
18:48 Double-Bit Axe
21:42 Man-at-Arms
22:38 Squires
22:49 Town Watch
25:12 Horse Collar
26:55 Wheelbarrow
27:23 Long Swordsman
28:14 Gold Mining
28:17 Stone Mining
29:40 Fervor
29:36 Gambesons
29:38 Arson
29:24 Two-Handed Swordsman
32:08 Scale Mail Armor
33:10 Forging
33:17 Chain Mail Armor
33:03 Champion
37:02 Iron Casting
37:29 Heavy Plow
40:05 Hand Cart
40:39 Pikeman
48:25 Imperial Age
VIETNAMESE GANGZ !!!
0:26 Loom
9:54 Feudal Age
10:19 Double-Bit Axe
17:47 Castle Age
16:35 Forging
18:32 Fletching
22:44 Horse Collar
23:57 Bow Saw
29:52 Scale Barding Armor
30:24 Iron Casting
30:42 Heavy Plow
32:58 Bodkin Arrow
34:22 Wheelbarrow
37:36 Gold Mining
41:00 Hand Cart
41:10 Hand Cart
41:58 Iron Casting
41:43 Chain Barding Armor
41:40 Scale Mail Armor
42:45 Gold Shaft Mining
45:10 Imperial Age
43:39 Stone Mining
46:18 Squires
46:03 Gambesons
45:40 Pikeman
45:44 Capped Ram
46:59 Bracer
47:37 Iron Casting
47:22 Chain Barding Armor
47:18 Chain Mail Armor
47:04 Bracer
46:39 Siege Ram
LAOS GANGZ
1:00 Loom
12:17 Feudal Age
12:40 Double-Bit Axe
17:21 Castle Age
15:27 Horse Collar
21:23 Bow Saw
24:22 Wheelbarrow
26:12 Wheelbarrow
32:17 Imperial Age
30:03 Hand Cart
29:40 Town Watch
32:19 Cavalier
33:01 Husbandry
33:27 Gold Mining
33:32 Stone Mining
34:12 Forging
34:08 Scale Barding Armor
34:50 Bloodlines
35:52 Scale Barding Armor
35:45 Fletching
36:19 Masonry
36:31 Ballistics
36:56 Iron Casting
39:57 Stone Shaft Mining
39:58 Gold Shaft Mining
40:38 Hoardings
40:08 Kamandaran
40:44 Heavy Plow
41:48 Two-Man Saw
42:12 Hoardings
42:16 Chain Barding Armor
42:56 Blast Furnace
41:52 Bodkin Arrow
43:47 Scale Mail Armor
44:24 Plate Barding Armor
46:06 Crop Rotation
46:17 Thumb Ring
45:33 Crossbowman
46:36 Chain Mail Armor
46:22 Padded Archer Armor
47:29 Chemistry
Connection lost

Rejoining the realm…

Still unreachable

The connection could not be restored.

Session expired

The server has moved on; the page needs a fresh start.